Map: Cyber Forest LE

Players

LucilleBluth - Winner!

  • Race: Zerg Zerg
  • League: Platinum
  • Spawn Location: 5:00

pHARM

  • Race: Zerg Zerg
  • League: Platinum
  • Spawn Location: 11:00

VOD

Have the link to the VOD?

Description

Time

  • Played on: June 29, 2019, 5:33 p.m.
  • Length: 10:10
Show
View Real Time Build Order
Export as new Build Order

LucilleBluth Zerg - Winner!

Build Orders: Hatch First 

Get SALT Encoding   

  12  0:01  Drone  
  13  0:15  Overlord  
  13  0:19  Drone  
  14  0:35  Drone  
  14  0:36  Drone  
  14  0:37  Drone  
  17  0:53  Hatchery  
  16  0:58  Drone  
  17  1:10  Spawning Pool  
  16  1:12  Drone  
  16  1:17  Drone  
  18  1:20  Drone  
  19  1:31  Drone  
  20  1:35  Extractor  
  19  1:41  Overlord  
  19  1:52  Drone  
  20  2:03  Queen  
  20  2:06  Queen  
  20  2:07  Drone  
  20  2:08  Drone  
  26  2:17  Drone x2  
  28  2:24  Drone  
  28  2:28  Overlord  
  29  2:35  Drone  
  30  2:42  Queen  
  32  2:44  Lair  
  32  2:47  Drone x2  
  32  3:07  Evolution Chamber  
  31  3:13  Evolution Chamber, Roach Warren  
  31  3:19  Drone x9  
  38  3:20  Drone  
  39  3:30  Drone x2  
  41  3:44  Zerg Missile Weapons Level 1  
  41  3:45  Drone x3  
  41  3:48  Overlord, Extractor  
  43  3:49  Extractor  
  42  3:59  Spine Crawler  
  41  4:03  Evolution Chamber  
  41  4:04  Evolution Chamber, Roach x2  
  41  4:05  Roach  
  41  4:06  Overlord  
  43  4:14  Roach x2  
  43  4:15  Roach  
  49  4:21  Roach  
  51  4:34  Roach  
  51  4:35  Spine Crawler  
  52  4:39  Roach Warren  
  52  4:42  Drone  
  52  4:43  Drone x6  
  58  4:52  Queen  
  60  4:54  Overlord  
  60  4:55  Overlord  
  56  5:16  Spine Crawler  
  56  5:17  Spine Crawler  
  56  5:18  Spine Crawler  
  47  5:24  Roach  
  47  5:25  Roach x5  
  58  5:34  Roach x2  
  58  5:39  Drone x3  
  61  5:44  Roach x2  
  65  5:57  Roach  
  59  6:11  Queen  
  59  6:12  Drone x8  
  69  6:31  Roach x3  
  75  6:35  Glial Reconstitution  
  75  6:42  Drone  
  76  6:47  Overlord x3  
  76  6:48  Overlord  
  76  7:06  Extractor  
  75  7:09  Roach x5  
  75  7:13  Zerg Ground Armor Level 1  
  85  7:18  Hydralisk Den  
  84  7:28  Roach  
  84  7:29  Roach x4  
  94  7:31  Overlord x2  
  94  7:47  Overseer  
  94  7:50  Grooved Spines  
  94  8:02  Hydralisk  
  94  8:03  Hydralisk  
  94  8:04  Hatchery  
  97  8:10  Drone x8  
  105  8:25  Drone x3  
  106  8:46  Drone x2  
  106  8:47  Drone x4  
  112  8:54  Drone  
  112  8:55  Drone  
  96  9:03  Drone x4  
  84  9:24  Roach x4  
  84  9:29  Queen  
  94  9:34  Spine Crawler  
  94  9:35  Spine Crawler  
  92  9:39  Roach x8  
  106  9:50  Roach x3  
  106  9:51  Roach  
  114  9:58  Extractor  
  114  9:59  Extractor  
Show
View Real Time Build Order
Export as new Build Order

pHARM Zerg 

Build Orders: Hatch First, Zergling Baneling 

Get SALT Encoding   

  12  0:01  Drone  
  13  0:11  Drone  
  14  0:23  Overlord  
  14  0:41  Drone x2  
  16  0:56  Hatchery  
  15  1:03  Drone x2  
  17  1:04  Drone  
  18  1:17  Extractor  
  17  1:19  Spawning Pool  
  17  1:21  Drone  
  17  1:26  Drone  
  18  1:45  Drone  
  18  1:46  Drone  
  20  1:58  Overlord  
  20  2:08  Zergling x2  
  20  2:09  Zergling x2, Queen x2  
  26  2:19  Metabolic Boost  
  26  2:29  Drone  
  29  2:30  Drone x2  
  29  2:37  Overlord  
  29  2:49  Hatchery  
  27  3:03  Drone  
  27  3:04  Drone x4  
  31  3:22  Zergling x6  
  34  3:30  Baneling Nest  
  34  3:31  Zergling x4  
  35  3:46  Zergling x2  
  35  3:47  Zergling x14  
  43  3:59  Zergling x2  
  43  4:01  Zergling x4  
  45  4:07  Zergling x4  
  47  4:16  Zergling x4  
  49  4:18  Overlord x2  
  49  4:30  Zergling x2  
  47  4:46  Baneling x14  
  47  4:49  Zergling x18  
  55  5:13  Zergling x18  
  48  5:31  Baneling x3  
  48  5:33  Drone x4  
  34  5:57  Drone  
  34  5:58  Drone x8  
  43  6:08  Roach Warren, Queen  
  44  6:17  Extractor  
  44  6:18  Extractor  
  42  6:21  Extractor  
  41  6:31  Drone x11  
  52  7:10  Lair  
  52  7:26  Overlord x2  
  52  7:27  Overlord, Drone  
  52  7:28  Drone x13  
  66  7:44  Queen x2  
  70  7:52  Roach  
  70  7:53  Roach x9, Extractor  
  70  7:55  Extractor  
  88  8:04  Roach  
  88  8:05  Overlord x2  
  90  8:22  Roach  
  90  8:23  Overlord x2  
  90  8:24  Roach x5  
  92  8:28  Roach  
  92  8:29  Roach x6  
  86  8:42  Roach x2  
  88  8:53  Roach  
  88  8:54  Roach  
  88  8:56  Roach x3  
  73  9:18  Roach x2  
  67  9:28  Roach  
  67  9:29  Roach x2  
  73  9:35  Hatchery  
  72  9:48  Overlord x2, Hatchery  
Tags
 
Add a new tag
Caveats
  • Supply blocks, unpowered buildings, or Contaminate may cause inaccurate times.
  • Supply counts are checked every 10 seconds.